 Dungeon Crawl Stone Soup version 0.29.0-11-gd7f09526c8 (webtiles) character file.

Game seed: 3322028940583462176

108 iguanaiguana the Covered (level 4, 0/41 HPs)
             Began as a Minotaur Fighter on Sept 6, 2022.
             Slain by Terence
             ... wielding a +0 flail
              (8 damage)
             ... on level 2 of the Dungeon.
             The game lasted 00:01:07 (1924 turns).

iguanaiguana the Covered (Minotaur Fighter)         Turns: 1924, Time: 00:01:07

Health: 0/41       AC: 13    Str: 22    XL:     4   Next: 58%
Magic:  3/3        EV:  6    Int:  5    God:
Gold:   76         SH:  4    Dex: 10    Spells: 3/3 levels left

rFire   . . .      SeeInvis .   a - +0 war axe
rCold   . . .      Faith    .   c - +0 buckler
rNeg    . . .      Spirit   .   n - +0 plate armour
rPois   +          Reflect  .   (helmet restricted)
rElec   .          Harm     .   h - +0 cloak
rCorr   .          Rampage  .   (no gloves)
Will    .....                   (no boots)
Stlth   ..........              (no amulet)
HPRegen 0.13/turn               f - ring of poison resistance
MPRegen 0.08/turn               (no ring)

@: no status effects
A: horns 2, retaliatory headbutt
a: no special abilities


You were on level 2 of the Dungeon.
You visited 1 branch of the dungeon, and saw 2 of its levels.

You collected 76 gold pieces.

Inventory:

Hand Weapons
 a - a +0 war axe (weapon)
Missiles
 m - 6 poisoned darts (quivered)
 p - 4 curare-tipped darts
Armour
 c - a +0 buckler (worn)
 h - a +0 cloak (worn)
 n - a +0 plate armour (worn)
Jewellery
 f - a ring of poison resistance (left hand)
Scrolls
 b - a scroll of blinking {unknown}
 g - a scroll of vulnerability {unknown}
 i - 2 scrolls of identify {unknown}
 k - a scroll of enchant armour {unknown}
 l - 2 scrolls of teleportation {unknown}
 o - a scroll of immolation {unknown}
Potions
 d - a potion of might {@q3}
 e - a potion of ambrosia {unknown}
 j - a potion of invisibility {unknown}
 q - 2 potions of mutation {unknown}


   Skills:
 + Level 4.3 Fighting
 * Level 4.1 Axes
 + Level 4.4 Armour
 + Level 4.3 Shields


You had 3 spell levels left.
You didn't know any spells.
Your spell library contained the following spells:

 Spells                   Type           Power      Damage    Failure   Level
 Borgnjor's Revivificati  Necr           0%         N/A       100%        8
 Necromutation            Tmut/Necr      0%         N/A       100%        8
 Death's Door             Necr           0%         N/A       100%        9


Dungeon Overview and Level Annotations

Branches:
Dungeon (2/15) Zot: 10041

Altars:

Annotations:
D:2 Terence


Innate Abilities, Weirdness & Mutations

You have a pair of horns on your head.
You reflexively headbutt those who attack you in melee.


Message History

Terence drinks a potion.
Terence seems to grow stronger.
There is an escape hatch in the ceiling here.
You barely miss Terence. Terence hits you with a +0 flail!
There are monsters nearby!
You hit Terence.
Terence is moderately wounded.
Terence hits you with a +0 flail!
* * * LOW HITPOINT WARNING * * *
You are too injured to fight recklessly!
You are too injured to fight recklessly!
There are monsters nearby!
You are too injured to fight recklessly!
You are too injured to fight recklessly!
You are too injured to fight recklessly!
There are monsters nearby!
You are too injured to fight recklessly!
You are too injured to fight recklessly!
You are too injured to fight recklessly!
You are too injured to fight recklessly!
You are too injured to fight recklessly!
You are too injured to fight recklessly!
You are too injured to fight recklessly!
You are too injured to fight recklessly!
You are too injured to fight recklessly!
You closely miss Terence.
Terence is moderately wounded.
You hit Terence.
Terence is heavily wounded.
Terence hits you with a +0 flail.
* * * LOW HITPOINT WARNING * * *
You closely miss Terence.
Terence is heavily wounded.
Terence hits you with a +0 flail!
* * * LOW HITPOINT WARNING * * *
You hit Terence but do no damage.
Terence is heavily wounded.
You closely miss Terence.
Terence is heavily wounded.
Terence hits you with a +0 flail!
You die...

#### #...
###################.##
..........>.....).....
##########..#######)##
#...............#
#.#####...####### #@#
###..# #@# ##.## #r#
#..### ..# ##...## ###
###..# ##.### #...#
###.# #####..


You could see Terence (strong) and a quokka.

Vanquished Creatures
  Jessica (D:2)
  3 adders (D:2)
  3 worms (D:2)
  3 dart slugs (D:2)
  3 endoplasms
  3 goblins
  3 hobgoblins
  10 jackals (D:1)
  2 quokkas
  2 ball pythons
  3 bats
  2 kobolds
  A rat (D:2)
39 creatures vanquished.

Notes
Turn   | Place    | Note
-------+----------+-------------------------------------------
     0 | D:1      | iguanaiguana the Minotaur Fighter began the quest for the
                  | Orb.
     0 | D:1      | Reached XP level 1. HP: 19/19 MP: 0/0
   149 | D:1      | Reached XP level 2. HP: 27/27 MP: 1/1
   993 | D:2      | Reached XP level 3. HP: 32/33 MP: 2/2
  1252 | D:2      | Noticed Jessica
  1256 | D:2      | Killed Jessica
  1257 | D:2      | Reached XP level 4. HP: 31/40 MP: 3/3
  1915 | D:2      | Noticed Terence
  1924 | D:2      | Slain by Terence

Illustrated notes

Levels and vault maps discovered:
D:1:      dpeg_arrival_connections, layout_loops_ring
D:2:      layout_basic, uniq_jessica, uniq_terence

Skill      XL: |  1  2  3  4 |
---------------+-------------+-----
Axes           | 3 4 |  4.1
Fighting       | 4 |  4.3
Armour         | 4 |  4.4
Shields        | 4 |  4.3

Action                   |  1- 3 |  4- 6 || total
-------------------------+-------+-------++-------
Melee: War axe           |    59 |    32 ||    91
       Headbutt          |     6 |     4 ||    10
Armor: Scale mail        |    21 |       ||    21
       Chain mail        |     1 |       ||     1
       Plate armour      |     7 |    15 ||    22
Dodge: Dodged            |    29 |     5 ||    34
Block: Buckler           |    13 |     3 ||    16
